 Dungeon Crawl Stone Soup version 0.32-a0-814-g0968bab981 (webtiles) character file.

Game seed: 4794860296745558769

156 shadizar the Sneak (level 5, 0/34 HPs)
             Began as an Octopode Earth Elementalist on Mar 22, 2024.
             Killed from afar by an orc wizard (10 damage)
             ... with a magic dart
             ... on level 3 of the Dungeon.
             The game lasted 00:02:11 (2054 turns).

shadizar the Sneak (Octopode Earth Elementalist)    Turns: 2054, Time: 00:02:11

Health: 0/34       AC:  1    Str:  8    XL:     5   Next: 38%
Magic:  4/9        EV: 12    Int: 19    God:
Gold:   88         SH:  0    Dex: 12    Spells: 8/9 levels left

rFire   . . .        (no weapon)
rCold   . . .        (no shield)
rNeg    . . .        (helmet restricted)
rPois   .            (no amulet)
rElec   .            (no ring)
rCorr   .            (no ring)
SInv    .            (no ring)
Will    .....        (no ring)
Stlth   +++          (no ring)
HPRegen 0.25/turn    (no ring)
MPRegen 0.11/turn    (no ring)
                     (no ring)

%: no passive effects
@: no status effects
A: almost no armour, amphibious, 8 rings, camouflage 1, gelatinous body 1,
(nimble swimmer 1), tentacles
a: no special abilities


You were on level 3 of the Dungeon.
You visited 1 branch of the dungeon, and saw 3 of its levels.

You collected 88 gold pieces.

Inventory:

Hand Weapons
 e - a +0 mace of protection
Scrolls
 b - 2 scrolls of poison {unknown}
 d - a scroll of noise {unknown}
 f - 2 scrolls of amnesia {unknown}
 g - 2 scrolls of identify {unknown}
 i - a scroll of teleportation {unknown}
 k - a scroll of silence {unknown}
 l - a scroll of blinking {unknown}
 m - a scroll of enchant armour {unknown}
Potions
 a - a potion of magic
 c - a potion of brilliance {unknown}
 h - a potion of might {unknown}
 j - a potion of heal wounds {unknown}


   Skills:
 + Level 1.7 Fighting
 + Level 2.7 Dodging
 + Level 3.9 Stealth
 + Level 2.7 Spellcasting
 + Level 2.1 Conjurations
 + Level 3.5 Earth Magic


You had 8 spell levels left.
You knew the following spells:

 Your Spells              Type           Power      Damage    Failure   Level
a - Sandblast             Erth           32%        2d9       3%          1

Your spell library contained the following spells:

 Spells                   Type           Power      Damage    Failure   Level
 Passwall                 Erth           16%        N/A       11%         3
 Stone Arrow              Conj/Erth      26%        3d8       14%         3
 Slow                     Hex            8%         N/A       16%         1
 Confusing Touch          Hex            2%         N/A       43%         3
 Vampiric Draining        Necr           2%         2d6       43%         3
 Brom's Barrelling Bould  Conj/Erth      13%        2d4       43%         4
 Petrify                  Alch/Erth      9%         N/A       58%         4


Dungeon Overview and Level Annotations

Branches:
Dungeon (3/15)

Altars:

Shops:
D:1 :


Innate Abilities, Weirdness & Mutations

You cannot wear most types of armour.
You are amphibious.
You can wear up to eight rings at the same time.
Your skin changes colour to match your surroundings (Stealth+).
Your rubbery body absorbs attacks. (AC +1, EV +1)
((You are camouflaged when in or above water. (Stealth+)))
You have tentacles for arms and can constrict up to eight enemies at once.


Message History

Your magical contamination has completely faded away.
There is a stone staircase leading up here.
The blast of sand hits the orc!
You kill the orc!
You can't see any susceptible monsters within range! (Use Z to cast anyway.)
Things that are here:
a +0 hand axe; a +0 leather armour; an orc corpse The blast of sand hits the orc wizard.
The orc wizard is lightly wounded.
The orc wizard shouts!
The orc wizard barely misses you.
The blast of sand hits the orc wizard!
The orc wizard is almost dead.
The orc wizard hits you with a +0 dagger.
The orc wizard barely misses you.
The orc wizard hits you with a +0 dagger.
The blast of sand misses the orc wizard.
The orc wizard misses you. The orc wizard casts a spell at you.
The magic dart hits you.
The blast of sand hits the orc wizard but does no damage.
The orc wizard is almost dead.
The orc wizard hits you with a +0 dagger.
The orc wizard casts a spell at you. You resist with some effort.
The orc wizard hits you with a +0 dagger.
The orc wizard gestures at you while chanting.
The magic dart hits you.
* * * LOW HITPOINT WARNING * * *
Unknown command.
Casting: Sandblast (safe; 3% risk of failure)
Confirm with . or Enter, or press ? or * to list all spells.
Aiming: Sandblast (safe; 3% risk of failure)
Press: ? - help, Shift-Dir - straight line, f/p - orc wizard
Aim: an orc wizard, wielding a +0 dagger and wearing a +0 robe (almost dead, 77% to hit)
The blast of sand hits the orc wizard.
You kill the orc wizard!
The orc wizard casts a spell at you. The magic dart hits you!
You die...

...... ....#.........# ......
.....#......^..# .....#
....####...#### .....#
#....###.#.# .....####
..#.##..#.# ........#####
#.#.#..##.#
#.#####.....#####.#...###.#
#####....)#...### #.#######
#####o@.#.#####........
##..).>...#..#.##...
#..###......##...... #. #.##
##<#..#.....### #.
##.#####.#..#.##..### #.
######..##.........###.#..
###.####......###.#.#....## #.#.#
.........#######..........###...#
......#### #.....#.#..#....#..##


You could see an orc wizard.

Vanquished Creatures
  Natasha (thrice) (D:2)
  An orc wizard (D:3)
  5 adders
  A ribbon worm (D:2)
  An orc (D:3)
  5 ball pythons
  5 bats
  An endoplasm (D:1)
  2 giant cockroaches (D:1)
  A goblin (D:2)
  3 hobgoblins (D:2)
  3 quokkas
  3 frilled lizards (D:1)
  3 kobolds (D:2)
  3 rats (D:1)
40 creatures vanquished.

Notes
Turn   | Place    | Note
-------+----------+-------------------------------------------
     0 | D:1      | shadizar the Octopode Earth Elementalist began the quest
                  | for the Orb.
     0 | D:1      | Reached XP level 1. HP: 11/11 MP: 3/3
   289 | D:1      | Reached XP level 2. HP: 17/17 MP: 3/5
   358 | D:1      | Found Fisa's Book Shop.
   832 | D:2      | Reached XP level 3. HP: 22/22 MP: 1/6
   848 | D:2      | Reached skill level 1 in Fighting
  1068 | D:2      | Found the +1 Delatra's gloves {ID++}
  1199 | D:2      | Noticed Natasha
  1202 | D:2      | Killed Natasha
  1203 | D:2      | Reached XP level 4. HP: 17/28 MP: 3/7
  1445 | D:2      | Noticed Natasha
  1451 | D:2      | Killed Natasha
  1639 | D:2      | Noticed Natasha
  1645 | D:2      | Killed Natasha
  1646 | D:2      | Reached XP level 5. HP: 33/33 MP: 3/9
  2054 | D:3      | Killed from afar by an orc wizard

Illustrated notes

Levels and vault maps discovered:
D:1:      dpeg_arrival_simpleton_a, layout_loops_ring, serial_shops, shop
D:2:      layout_loops_ring, minmay_close_crescents, uniq_natasha
D:3:      layout_rooms, serial_glass, glass_columns_a, glass_columns_a,
          nicolae_hexahallways, st_stairs_6

Skill      XL: |  1  2  3  4 |
---------------+-------------+-----
Stealth        | 3 |  3.9
Fighting       | 1 |  1.7
Conjurations   | 2 |  2.1
Dodging        | |  2.7
Spellcasting   | |  2.7
Earth Magic    | |  3.5

Action                     |  1- 3 |  4- 6 || total
---------------------------+-------+-------++-------
   Cast: Sandblast         |    34 |    28 ||    62
 Armour: Skin              |     9 |    11 ||    20
  Dodge: Dodged            |    10 |     6 ||    16

Table legend: (Time is in decaauts)
 A = Elapsed time spent in this place.
 B = Non-inter-level travel time spent in this place.
 C = Inter-level travel time spent in this place.
 D = Time resting spent in this place.
 E = Time spent auto-exploring this place.
 F = Levels seen in this place.
 G = Mean time per level.
                   A        B        C        D        E       F      G
               +--------+--------+--------+--------+--------+-----+--------+
         Total |   2094 |   2039 |     55 |      0 |   1749 |   3 |  698.0 |
       Dungeon |   2094 |   2039 |     55 |      0 |   1749 |   3 |  698.0 |
               +--------+--------+--------+--------+--------+-----+--------+

Top non-repeatable levels by time:
     D:2: 1040 daAuts
     D:1: 819 daAuts
     D:3: 234 daAuts
